 Dungeon Crawl Stone Soup version 0.31.0-11-ge490571c62 (webtiles) character file.

Game seed: 14957737578520717277

31 qw the Shooter (level 3, 0/20 HPs)
             Began as a Deep Elf Hunter on Feb 5, 2024.
             Slain by an adder (1 damage)
             ... on level 2 of the Dungeon.
             The game lasted 00:00:04 (722 turns).

qw the Shooter (Deep Elf Hunter)                     Turns: 722, Time: 00:00:05

Health: 0/20       AC:  6    Str: 10    XL:     3   Next: 7%
Magic:  5/5        EV:  9    Int: 13    God:
Gold:   33         SH:  0    Dex: 18    Spells: 2/2 levels left

rFire   . . .        a - +0 shortbow
rCold   . . .        (shield currently unavailable)
rNeg    . . .        d - +0 scale mail
rPois   .            (no helmet)
rElec   .            (no cloak)
rCorr   .            (no gloves)
SInv    .            (no boots)
Will    .....        (no amulet)
Stlth   +            (no ring)
HPRegen 0.23/turn    (no ring)
MPRegen 0.09/turn

%: no passive effects
@: lethally poisoned (0 -> -21)
A: no striking features
a: no special abilities


You were on level 2 of the Dungeon.
You visited 1 branch of the dungeon, and saw 2 of its levels.

You collected 33 gold pieces.


   Skills:
 - Level 1.5 Fighting
 + Level 6.7 Ranged Weapons
 - Level 2.4 Dodging
 - Level 1.2 Stealth


You had 2 spell levels left.
You didn't know any spells.
Your spell library was empty.

Inventory:

Hand Weapons
 a - a +0 shortbow (weapon)
Armour
 d - a +0 scale mail (worn)
Scrolls
 b - a scroll of identify
 c - a scroll of fear {unknown}
Potions
 g - a potion of heal wounds
 h - a potion of ambrosia {unknown}
 j - a potion of enlightenment {unknown}

Dungeon Overview and Level Annotations

Branches:
Dungeon (2/15)

Altars:

Annotations:
D:2 Sigmund, Terence


Message History

The adder hisses angrily.
713 ||| RETREEEEATING.
714 ||| RETREEEEATING.
Found a hand axe.
Terence closely misses you.
Sigmund mumbles some strange words.
Sigmund flickers and vanishes!
Deactivating autopickup; reactivate with Ctrl-A.
You shoot an arrow.
The arrow hits Terence but does no damage.
Terence is lightly wounded.
Terence misses you.
You shoot an arrow. The arrow hits Terence.
Terence is moderately wounded.
Terence hits you with a +0 flail. Terence completely misses you.
You shoot an arrow. The arrow hits Terence!
Terence is severely wounded.
Terence hits you with a +0 flail.
You shoot an arrow. The arrow closely misses Terence.
Terence looks scornfully at you. Terence hits you with a +0 flail!
You shoot an arrow.
The arrow hits Terence but does no damage.
Terence is severely wounded.
Terence hits you with a +0 flail. Something hits you but does no damage.
You are lethally poisoned!
You shoot an arrow. The arrow closely misses Terence.
You feel very sick. Something hits you but does no damage.
You are more poisoned.
The adder closely misses you. Terence closely misses you.
You shoot an arrow.
The arrow hits Terence but does no damage.
Terence is severely wounded.
You feel very sick. The adder closely misses you.
Terence asks, "Do you want it fast or slow?"
Terence closely misses you. Something hits you but does no damage.
You are more poisoned.
The adder bites you.
You die...

#.........#
#.........#
#.........#
#.........#
#.........#
##<....[.##
#.........#
###..<......#
#@@.........#
##S#.........#
#{!#.........#
#.##........##
#.. #.#.....##
#.# #.#######
.. ..# ...
.... .... )..


You could see Terence and an adder.

Vanquished Creatures
  A dart slug (D:1)
  4 endoplasms
  2 giant cockroaches (D:1)
  3 goblins (D:1)
  3 hobgoblins (D:1)
  2 kobolds (D:1)
  3 quokkas (D:1)
  3 ball pythons (D:1)
  A bat (D:1)
  A frilled lizard (D:1)
  2 rats (D:1)
25 creatures vanquished.

Notes
Turn   | Place    | Note
-------+----------+-------------------------------------------
     0 | D:1      | qw the Deep Elf Hunter began the quest for the Orb.
     0 | D:1      | Reached XP level 1. HP: 12/12 MP: 3/3
     0 | D:1      | 0 ||| qw: Version: 0.3-a-160-g6735b56
     0 | D:1      | 0 ||| qw: Game counter: 6271
     0 | D:1      | 0 ||| qw: Melee chars always use a shield: true
     0 | D:1      | 0 ||| qw: God list: Okawaru
     0 | D:1      | 0 ||| qw: Allow faded altars: false
     0 | D:1      | 0 ||| qw: Do Orc after clearing Dungeon:15 true
     0 | D:1      | 0 ||| qw: Do second Lair branch before Depths: true
     0 | D:1      | 0 ||| qw: Lair rune preference: random
     0 | D:1      | 0 ||| qw: Goals: Normal
     0 | D:1      | 0 ||| PLANNING D:1-11
    91 | D:1      | HP: 3/12 [kobold/+0 short sword (4)]
   146 | D:1      | Reached XP level 2. HP: 16/16 MP: 4/4
   149 | D:1      | Reached skill level 6 in Ranged Weapons
   375 | D:1      | Reached XP level 3. HP: 20/20 MP: 5/5
   488 | D:1      | 488 ||| UPGRADING to +0 scale mail.
   498 | D:1      | 498 ||| DROPPING +0 leather armour.
   499 | D:1      | 499 ||| READING scroll labelled ETEEMI IGUGAPH.
   500 | D:1      | 500 ||| READING scroll labelled NEHOUR POSK.
   601 | D:1      | 601 ||| READING 2 scrolls labelled ONILIWITWE.
   602 | D:1      | 602 ||| READING scroll labelled VYAD SUZXAINE.
   602 | D:1      | 602 ||| IDENTIFYING sedimented sapphire potion
   603 | D:1      | 603 ||| DROPPING scroll of butterflies.
   604 | D:1      | 604 ||| DROPPING scroll of amnesia.
   617 | D:2      | 617 ||| STAIRDANCE
   708 | D:2      | Noticed Terence
   710 | D:2      | Noticed Sigmund
   712 | D:2      | 712 ||| RETREEEEATING.
   713 | D:2      | 713 ||| RETREEEEATING.
   714 | D:2      | 714 ||| RETREEEEATING.
   722 | D:2      | HP: 1/20 [poisoned by Sigmund]
   722 | D:2      | Slain by an adder

Levels and vault maps discovered:
D:1:      grunt_arrival_crossed_arrows, layout_rooms
D:2:      layout_rooms, minmay_misc_feat_hallway, uniq_terence, uniq_sigmund

Skill      XL: |  1  2 |
---------------+-------+-----
Ranged Weapons | 6 |  6.7
Fighting       | |  1.5
Dodging        | |  2.4
Stealth        | |  1.2

Action                     || total
---------------------------++-------
   Fire: Shortbow          ||    81
    Use: Scroll            ||     4
 Armour: Leather armour    ||    15
         Scale mail        ||    13
  Dodge: Dodged            ||    14

Table legend:
 A = Non-vault XP
 B = Vault XP
 C = Vault XP percentage of total XP
 D = Non-vault monster count
 E = Vault monster count
 F = Vault count percentage of total count
                 A         B        C        D         E       F
            +---------+---------+-------+---------+---------+-------
      Total |      45 |       0 |   0.0 |      25 |       0 |   0.0
            +---------+---------+-------+---------+---------+-------
        D:1 |      43 |       0 |   0.0 |      24 |       0 |   0.0
        D:2 |       2 |       0 |   0.0 |       1 |       0 |   0.0
            +---------+---------+-------+---------+---------+-------
